 Dungeon Crawl Stone Soup version 0.23.2-30-g0e89c35 (webtiles) character file.

Game seed: 4291804581924913205

153 Fortress the Firebug (level 5, -7/35 HPs)
             Began as a Demonspawn Fire Elementalist on June 11, 2019.
             Mangled by a gnoll
             ... wielding a +2 flail of protection
              (12 damage)
             ... on level 4 of the Dungeon.
             The game lasted 00:10:49 (3032 turns).

Fortress the Firebug (Demonspawn Fire Elementalist) Turns: 3032, Time: 00:10:50

Health: -7/35      AC:  3    Str:  8    XL:     5   Next: 12%
Magic:  0/9        EV: 14    Int: 18    God:
Gold:   181        SH:  0    Dex: 13    Spells: 9/10 levels left

rFire    . . .     SeeInvis .   i - +1 dagger (speed)
rCold    . . .     Gourm    .   (no shield)
rNeg     . . .     Faith    .   a - +0 robe
rPois    .         Spirit   .   (no helmet)
rElec    .         Reflect  .   (no cloak)
rCorr    .         Harm     .   (no gloves)
MR       .....                  l - +0 pair of boots
Stlth    +++.......             (no amulet)
HPRegen  0.11/turn              (no ring)
MPRegen  0.11/turn              (no ring)

@: no status effects
A: repulsion field 1, nightstalker 1
a: no special abilities


You were on level 4 of the Dungeon.
You were not hungry.

You visited 1 branch of the dungeon, and saw 4 of its levels.

You collected 181 gold pieces.

Inventory:

Hand Weapons
 i - a +1 dagger of speed (weapon)
Missiles
 e - 109 stones (quivered)
Armour
 a - a +0 robe (worn)
 l - a +0 pair of boots (worn)
Jewellery
 q - an uncursed ring of poison resistance {unknown}
 r - a cursed amulet of inaccuracy {unknown}
 s - an uncursed ring of ice {unknown}
Scrolls
 b - 2 scrolls of fear {unknown}
 d - a scroll of noise {unknown}
 h - 4 scrolls of identify {unknown}
 k - a scroll of magic mapping {unknown}
 m - a scroll of remove curse {unknown}
 o - 2 scrolls of enchant weapon {unknown}
Potions
 f - a potion of heal wounds {unknown}
 g - 4 potions of flight {unknown}
 j - 2 potions of agility {unknown}
 n - a potion of lignification {unknown}
 p - 2 potions of curing {unknown}
 t - 2 potions of might {unknown}
Comestibles
 c - 7 rations
 u - a chunk of flesh


   Skills:
 - Level 2.0 Dodging
 - Level 2.0 Stealth
 + Level 3.1 Spellcasting
 + Level 2.3 Conjurations
 + Level 4.0 Fire Magic


You had 9 spell levels left.
You knew the following spells:

 Your Spells              Type           Power        Failure   Level  Hunger
a - Flame Tongue          Conj/Fire      ##...        4%          1    None

Your spell library contained the following spells:

 Spells                   Type           Power        Failure   Level  Hunger
 Throw Flame              Conj/Fire      ##....       7%          2    ##.....
 Conjure Flame            Conj/Fire      ##......     13%         3    ###....
 Inner Flame              Hex/Fire       ##......     22%         3    ###....
 Sticky Flame             Conj/Fire      ##......     41%         4    ####...
 Fireball                 Conj/Fire      ##........   77%         5    ######.


Dungeon Overview and Level Annotations

Branches:
Dungeon (4/15)
 Temple: D:4-7

Altars:
Ashenzari
Okawaru


Innate Abilities, Weirdness & Mutations

You are surrounded by a mild repulsion field. (EV +2)
You are slightly more attuned to the shadows.


Message History

You hit the gnoll but do no damage.
The gnoll is lightly wounded.
You closely miss the gnoll.
The gnoll is lightly wounded.
The gnoll closely misses you.
You hit the gnoll but do no damage.
The gnoll is lightly wounded.
The gnoll hits you with a +2 flail of protection!
You hit the gnoll.
The gnoll is moderately wounded.
You hit the gnoll.
The gnoll is moderately wounded.
The gnoll hits you with a +2 flail of protection!
* * * LOW HITPOINT WARNING * * *
You hit the gnoll but do no damage.
The gnoll is moderately wounded.
You hit the gnoll but do no damage.
The gnoll is moderately wounded.
The gnoll hits you with a +2 flail of protection!
You die...

#.#...#........
#..#.#.........
##.##.##.#######
#..##.(#..#
##.###.#.##
#..##...## #.##
#.........
.....####..?......
......g@..........
......####.##.....
#..... #$# .#.#.
##...# #.# .###
##.# #.# # #. #..
#


You could see a gnoll.

Vanquished Creatures
  2 worker ants (D:4)
  2 gnolls (D:4)
  3 adders
  A worm (D:2)
  2 leopard geckos
  An orc (D:4)
  4 bats
  A giant cockroach (D:1)
  9 goblins
  4 hobgoblins
  2 jackals (D:1)
  12 kobolds
  2 quokkas
  3 frilled lizards
  9 rats
57 creatures vanquished.

Notes
Turn   | Place    | Note
-------+----------+-------------------------------------------
     0 | D:1      | Fortress the Demonspawn Fire Elementalist began the quest
                  | for the Orb.
     0 | D:1      | Reached XP level 1. HP: 13/13 MP: 3/3
    91 | D:1      | Reached skill level 3 in Fire Magic
   189 | D:1      | Gained mutation: You are slightly more attuned to the
                  | shadows. [demonic ancestry]
   189 | D:1      | Reached XP level 2. HP: 2/19 MP: 0/5
   941 | D:1      | Reached XP level 3. HP: 24/24 MP: 4/6
  1801 | D:2      | Found a faded altar of an unknown god.
  2150 | D:2      | Found a shattered altar of Ashenzari.
  2220 | D:3      | Gained mutation: You are surrounded by a mild repulsion
                  | field. (EV +2) [demonic ancestry]
  2220 | D:3      | Reached XP level 4. HP: 30/30 MP: 7/7
  2532 | D:3      | Found an iron altar of Okawaru.
  3008 | D:4      | Reached XP level 5. HP: 34/35 MP: 1/9
  3013 | D:4      | Reached skill level 4 in Fire Magic
  3032 | D:4      | Mangled by a gnoll

Skill      XL: |  1  2  3  4  5 |
---------------+----------------+-----
Fire Magic     | 3 4 |  4.0
Dodging        | 2 |  2.0
Stealth        | 2 |  2.0
Conjurations   | 2 |  2.3
Spellcasting   | 3 |  3.1

Action                   |  1- 3 |  4- 6 || total
-------------------------+-------+-------++-------
Melee: Short sword       |    12 |       ||    12
       Unarmed           |     8 |       ||     8
       Dagger            |    15 |    29 ||    44
 Cast: Flame Tongue      |    50 |    25 ||    75
 Stab: Sleeping          |     9 |     2 ||    11
  Eat: Chunk             |     4 |     3 ||     7
Armor: Robe              |    10 |     5 ||    15
Dodge: Dodged            |    23 |    21 ||    44
